 Dungeon Crawl Stone Soup version 0.27-a0-263-gc8dee61f84 (webtiles) character file.

Game seed: 14572049680561152558

210 siradein the Poker (level 5, -6/41 HPs)
             Began as a Demonspawn Fighter on Feb 4, 2021.
             Killed by divine providence
             ... invoked by an orc priest
              (13 damage)
             ... on level 3 of the Dungeon.
             The game lasted 00:13:33 (2536 turns).

siradein the Poker (Demonspawn Fighter)             Turns: 2536, Time: 00:13:33

Health: -6/41      AC:  8    Str: 16    XL:     5   Next: 56%
Magic:  5/5        EV:  9    Int: 10    God:
Gold:   104        SH:  0    Dex: 13    Spells: 4/4 levels left

rFire    . . .     SeeInvis .   a - +0 trident
rCold    . . .     Faith    .   (no shield)
rNeg     . . .     Spirit   .   e - +0 chain mail
rPois    .         Reflect  .   (helmet restricted)
rElec    .         Harm     .   (no cloak)
rCorr    .         Rampage  .   (no gloves)
Will     .....                  (no boots)
Stlth    ..........             (no amulet)
HPRegen  0.13/turn              (no ring)
MPRegen  0.09/turn              (no ring)

@: no status effects
A: horns 2, repulsion field 2
a: no special abilities


You were on level 3 of the Dungeon.
You visited 1 branch of the dungeon, and saw 3 of its levels.

You collected 104 gold pieces.

Inventory:

Hand Weapons
 a - a +0 trident (weapon)
Armour
 c - a +0 kite shield
 e - a +0 chain mail (worn)
Scrolls
 b - 3 scrolls of blinking {unknown}
 f - 2 scrolls of identify {unknown}
 g - a scroll of magic mapping {unknown}
 h - a scroll of amnesia {unknown}
 i - 3 scrolls of remove curse {unknown}
Potions
 d - 2 potions of might
 j - a potion of curing {unknown}


   Skills:
 - Level 3.0 Fighting
 + Level 5.4 Polearms
 - Level 2.6 Armour
 - Level 2.6 Shields


You had 4 spell levels left.
You didn't know any spells.
Your spell library was empty.

Dungeon Overview and Level Annotations

Branches:
Dungeon (3/15)

Altars:
Ashenzari
Elyvilon
Hepliaklqana
Nemelex Xobeh
Sif Muna
Uskayaw
Zin

Annotations:
D:2 Sigmund


Innate Abilities, Weirdness & Mutations

You have a pair of horns on your head.
You are surrounded by a moderate repulsion field. (EV +3)


Message History

You miss something. Something hits you but does no damage.
The orc hits you from afar with a +0 trident.
You completely miss something. Something completely misses you.
The orc hits you from afar with a +0 trident.
You hit something but do no damage. Something hits you but does no damage.
The orc hits you from afar with a +0 trident.
Something hits you but does no damage.
You miss something. The orc closely misses you. Something hits you.
You barely miss something.
The orc hits you from afar with a +0 trident.
Something hits you but does no damage.
You closely miss something. You headbutt something!
Reactivating autopickup.
You feel a bit more experienced. The orc barely misses you.
The orc priest calls down the wrath of Beogh upon you.
Beogh smites you!
* * * LOW HITPOINT WARNING * * *
The orc priest mumbles some strange prayers to Beogh against you.
Beogh smites you!
You die...

....#..##....#.##..#
.......††....#.##..#
....#####.####.#o..# #####
#.# #.#.#.# ..#
###)####.#.#.# #.###
#.....##.....# ....#
#.....####o#### #.#.#
#.....#.......##♣♣
#.#.###†<...#.##@##....♣♣
......#.....#.##......PP♣♣
#.###.#######.#####...P.)♣
#.# #.# #.........P)♣.♣
#.###.#############.##♣♣♣
...........# #.#
.##..#.###.# #.# .
#.....##.#### #.# .
##.#........#####.#


You could see an orc priest and an orc.

Vanquished Creatures
  Jessica (D:3)
  Terence (D:2)
  An orc wizard (D:3)
  3 adders (D:3)
  3 gnolls (D:3)
  An ooze (D:1)
  2 worms (D:2)
  5 dart slugs
  2 leopard geckos
  2 orcs (D:3)
  5 bats
  5 giant cockroaches
  4 goblins
  8 hobgoblins
  A frilled lizard (D:1)
  9 kobolds
  3 rats
56 creatures vanquished.

Notes
Turn   | Place    | Note
-------+----------+-------------------------------------------
     0 | D:1      | siradein the Demonspawn Fighter began the quest for the
                  | Orb.
     0 | D:1      | Reached XP level 1. HP: 18/18 MP: 1/1
    61 | D:1      | Reached skill level 2 in Polearms
    98 | D:1      | Gained mutation: You have a pair of small horns on your
                  | head. [demonic ancestry]
    98 | D:1      | Reached XP level 2. HP: 9/24 MP: 2/2
   580 | D:1      | Reached skill level 3 in Polearms
   647 | D:1      | Gained mutation: You are surrounded by a mild repulsion
                  | field. (EV +2) [demonic ancestry]
   647 | D:1      | Reached XP level 3. HP: 24/29 MP: 3/3
  1409 | D:2      | Noticed Sigmund
  1914 | D:2      | Noticed Terence
  1933 | D:2      | Killed Terence
  1934 | D:2      | Reached skill level 4 in Polearms
  1934 | D:2      | Gained mutation: You are surrounded by a moderate repulsion
                  | field. (EV +3) [demonic ancestry]
  1934 | D:2      | Reached XP level 4. HP: 23/35 MP: 4/4
  2074 | D:2      | Found a sparkling altar of Nemelex Xobeh.
  2075 | D:2      | Found a broken altar of Ashenzari.
  2076 | D:2      | Found a white marble altar of Elyvilon.
  2076 | D:2      | Found a glowing silver altar of Zin.
  2077 | D:2      | Found a hazy altar of Hepliaklqana.
  2078 | D:2      | Found a shimmering blue altar of Sif Muna.
  2080 | D:2      | Found a hide-covered altar of Uskayaw.
  2215 | D:3      | Noticed Jessica
  2233 | D:3      | Killed Jessica
  2347 | D:3      | Gained mutation: You have a pair of horns on your head.
                  | [demonic ancestry]
  2347 | D:3      | Reached XP level 5. HP: 41/41 MP: 5/5
  2458 | D:3      | Reached skill level 5 in Polearms
  2536 | D:3      | Killed from afar by an orc priest

Illustrated notes

Levels and vault maps discovered:
D:1:      dpeg_arrival_simpleton_a, layout_loops_ring
D:2:      layout_basic, minitemple, chequers_ecumenical_altar_simple_redux,
          uniq_terence, uniq_sigmund
D:3:      layout_loops_cross, uniq_crazy_yiuf_cottage, uniq_jessica

Skill      XL: |  1  2  3  4  5 |
---------------+----------------+-----
Polearms       | 2 3 4 5 |  5.4
Fighting       | |  3.0
Armour         | |  2.6
Shields        | |  2.6

Action                   |  1- 3 |  4- 6 || total
-------------------------+-------+-------++-------
Melee: Trident           |   172 |    64 ||   236
       Headbutt          |    14 |    11 ||    25
  Use: Potion            |     3 |       ||     3
Armor: Chain mail        |    67 |    28 ||    95
       Scale mail        |     2 |       ||     2
Dodge: Dodged            |    49 |    21 ||    70

Table legend: (Time is in decaauts)
 A = Elapsed time spent in this place.
 B = Non-inter-level travel time spent in this place.
 C = Inter-level travel time spent in this place.
 D = Time resting spent in this place.
 E = Time spent auto-exploring this place.
 F = Levels seen in this place.
 G = Mean time per level.
                   A        B        C        D        E       F      G
               +--------+--------+--------+--------+--------+-----+--------+
         Total |   2564 |   2549 |     15 |    206 |   1388 |   3 |  854.7 |
       Dungeon |   2564 |   2549 |     15 |    206 |   1388 |   3 |  854.7 |
               +--------+--------+--------+--------+--------+-----+--------+

Top non-repeatable levels by time:
     D:1: 1145 daAuts
     D:2: 1095 daAuts
     D:3: 324 daAuts
